 Dungeon Crawl Stone Soup version 0.22-a0-252-gcace5d2 (webtiles) character file.

70420 Zwobot the Fencer (level 15, 124/124 HPs)
             Began as a Barachi Fighter on Sept 5, 2017.
             Was the Champion of Dithmenos.
             Quit the game on level 1 of the Lair of Beasts on Mar 1, 2018.
             The game lasted 01:40:42 (28171 turns).

Zwobot the Fencer (Barachi Fighter)                Turns: 28171, Time: 01:40:43

Health: 124/124    AC: 26    Str: 26    XL:     15   Next: 33%
Magic:  21/21      EV: 19    Int: 14    God:    Dithmenos [******]
Gold:   284        SH: 14    Dex: 13    Spells: 10/14 levels left

rFire    . . .     SeeInvis +   a - +5 scimitar (freeze)
rCold    . . .     Gourm    .   c - +0 shield
rNeg     . . .     Faith    .   k - +7 scale mail of Miracles {Int+6}
rPois    .         Spirit   .   s - +0 helmet
rElec    .         Reflect  .   t - +1 cloak {MR+}
rCorr    .         Harm     .   G - +2 pair of gloves {Str+3}
MR       ++...                  l - +1 pair of boots {Stlth+}
Stlth    +.........             (no amulet)
HPRegen  0.30/turn              U - +3 ring of evasion
MPRegen  0.17/turn              P - ring of see invisible

@: wreathed by umbra, slow
A: +LOS, swims, slowness 1, strong legs 2
a: Hop, Shadow Step, Shadow Form, Renounce Religion


You were on level 1 of the Lair of Beasts.
You worshipped Dithmenos.
Dithmenos was exalted by your worship.
You were not hungry.

You visited 2 branches of the dungeon, and saw 20 of its levels.
You visited 1 bazaar.
You also visited: Labyrinth.

You collected 1336 gold pieces.
You spent 1052 gold pieces at shops.

Inventory:

Hand Weapons
 a - a +5 scimitar of freezing (weapon)
 b - a +0 hunting sling
 w - a +0 blowgun
Missiles
 j - 282 stones
 m - a curare-tipped needle
 q - 160 sling bullets
 v - a throwing net
 A - 36 poisoned needles
 C - 7 javelins (quivered)
Armour
 c - a +0 shield (worn)
 k - the +7 scale mail of Miracles (worn) {Int+6}
   (You found it on level 4 of the Lair of Beasts)

   It affects your intelligence (+6).
 l - a +1 pair of boots of stealth (worn)
 s - a +0 helmet (worn)
 t - a +1 cloak of magic resistance (worn)
 D - a +1 cloak of poison resistance
 G - a +2 pair of gloves of strength (worn)
Jewellery
 d - an uncursed ring of wizardry
 i - an uncursed ring of stealth
 H - an uncursed ring of resist corrosion
 P - a ring of see invisible (right hand)
 U - a +3 ring of evasion (left hand)
Wands
 r - a wand of acid
 Q - a wand of iceblast (6)
 R - a wand of removedness (8)
 W - a wand of disintegration
 Z - a wand of digging (13)
Scrolls
 e - 7 scrolls of enchant weapon
 g - 4 scrolls of teleportation
 h - 2 scrolls of fear
 p - 2 scrolls of vulnerability
 u - a scroll of removedness
 B - 7 scrolls of remove curse
 F - a scroll of torment {unknown}
 O - a scroll of blinking
 T - 2 scrolls of noise {unknown}
 Y - a scroll of brand weapon {unknown}
Potions
 n - 2 potions of flight
 x - a potion of might
 z - 2 potions of haste
 E - 2 potions of mutation {unknown}
 I - 2 potions of curing
 K - a potion of lignification
 L - 3 potions of degeneration
 M - a potion of berserk rage {unknown}
 V - a potion of ambrosia {unknown}
 X - a potion of resistance
Miscellaneous
 N - a fan of gales
 S - a lightning rod (4/4)
Comestibles
 f - 16 rations
 o - 9 rations
 y - 12 chunks of flesh
 J - 4 rations


   Skills:
 + Level 13.5 Fighting
 * Level 15.3 Long Blades
 - Level 5.3 Throwing
 - Level 12.0 Armour
 + Level 11.2 Dodging
 + Level 13.0 Shields
 - Level 2.0 Necromancy
 - Level 8.0 Evocations


You had 10 spell levels left.
You knew the following spells:

 Your Spells              Type           Power        Failure   Level  Hunger
a - Apportation           Tloc           #.....       56%         1    ##.....
b - Animate Skeleton      Necr           N/A          30%         1    ##.....
c - Blink                 Tloc           N/A          71%         2    ###....


Dungeon Overview and Level Annotations

Branches:
Dungeon (14/15)            Temple (0/1) D:7            Lair (6/6) D:10
 Shoals (0/4) Lair:2        Snake (0/4) Lair:2        Slime (0/5) Lair:6
    Orc (0/2) D:12         Vaults (0/5) D:14

Altars:
Ashenzari
Dithmenos
Fedhas
Nemelex Xobeh
Qazlal
Ru
Trog
Xom
Beogh

Shops:
D:4 %

Annotations:
D:8 exclusion: downstairs
D:9 !erolcha
Lair:3 !rupert, Rupert


Innate Abilities, Weirdness & Mutations

Shadows flee at your approach. (+LOS)
You can swim through water.
You cover ground slowly.
You can hop long distances.


Message History

There is a stone staircase leading up here.
You climb upwards.
There is a stone staircase leading down here.
There is a stone staircase leading up here.
You climb upwards.
There is a stone staircase leading down here.
There is a stone staircase leading down here.
There is an open door here.
There is a staircase to the Lair here.
You climb downwards.
Welcome back to the Lair of Beasts!
There is a staircase back to the Dungeon here.
Cast which spell? (? or * to list)
There is nothing here that can be animated! (m)acro, (M)acro raw, keymap [(k) default, (x) level-map, (t)argeting, (c)onfirm, m(e)nu], (s)ave?
Aborting.
Saving game... please wait.
Welcome back, Zwobot the Barachi Fighter.
Dithmenos says: Spread the eternal night.
Press ? for a list of commands and other information.
Are you sure you want to abandon this character and quit the game? (Confirm with "yes".)

P.P# #.#######................P
..## ##.# #...#######.#P##.♣ #.#
#..# ##...P# ######.. #.######.#
#P...## #.. #........# ##...# #..
#........# #...# #.. #..###...#
##...# #.. #..# #...# #....# #..
#.P# #...# ##@..# ##..
..####...## #...# #P.. #.#
#.....# #...## ##.. ..# ##...##
##....###########.. #.#
#...######..................
#.####......#.##.................
#.........)......................
#...###...##.#####..............#
P...# ######## #.#######......#


There were no monsters in sight!

Vanquished Creatures
  Kirke (D:13)
  Frances (D:14)
  Nessos (D:14)
  A dire elephant (Lair:6)
  Josephine (D:14)
  A minotaur (Lab)
  Erolcha (D:9)
  Harold (D:11)
  2 hydras
  Erica (D:10)
  10 two-headed ogres
  A centaur warrior (D:14)
  3 death yaks
  Urug (Lair:4)
  The ghost of sergedm the Eclecticist, a journeyman DECj of Vehumet (D:11)
  An unseen horror (D:14)
  2 manticores (Lair:6)
  An orc knight (D:11)
  An ugly thing (D:13)
  A deep elf mage (D:13)
  An orc sorcerer (D:11)
  5 cyclopes
  A black mamba (Lair:2)
  Joseph (D:9)
  A guardian serpent (Lair:2)
  10 elephants
  2 gargoyles
  12 spiny frogs
  4 rime drakes
  A yaktaur (D:14)
  7 komodo dragons
  6 trolls
  6 polar bears
  A snapping turtle (Lair:2)
  2 hornets (Lair:6)
  16 blink frogs
  5 dream sheep
  13 hippogriffs
  Sigmund (D:2)
  6 wraiths
  3 water elementals (D:12)
  2 wyverns
  4 shadows
  26 yaks
  A spriggan (D:8)
  16 humans (D:14)
  Grum (D:8)
  5 basilisks
  A hungry ghost (D:11)
  2 hogs (D:13)
  3 vampire mosquitoes (D:12)
  An acid dragon (D:13)
  A soldier ant (D:11)
  11 water moccasins
  10 porcupines
  16 orc warriors
  3 ice beasts
  A sky beast (D:14)
  3 phantoms
  A black bear (shapeshifter) (D:13)
  A black bear (D:7)
  2 necrophages (D:10)
  12 wolves
  4 ogres
  3 boggarts (D:14)
  10 centaurs
  9 crocodiles
  2 big kobolds (D:7)
  16 bullfrogs
  A wyvern zombie (D:13)
  2 wyvern skeletons
  5 scorpions
  A water moccasin skeleton (D:9)
  20 killer bees
  12 wights
  10 electric eels
  2 howler monkeys
  3 bullfrog zombies
  10 crimson imps
  2 centaur zombies
  5 jellies
  10 orc priests
  10 hounds
  11 orc wizards
  2 bullfrog skeletons
  3 iguanas
  3 centaur skeletons
  A hell rat (D:10)
  5 worker ants
  A hound zombie (D:5)
  A hound skeleton (D:11)
  6 gnolls
  21 adders
  3 river rats
  3 shadow imps
  An ooze (D:5)
  3 adder zombies
  2 adder skeletons
  3 worms
  3 dart slugs
  5 leopard geckos
  55 orcs
  11 giant cockroaches
  9 goblins
  8 hobgoblins
  21 jackals
  8 quokkas
  A ball python (D:1)
  13 bats
  15 frilled lizards
  24 kobolds
  A leopard gecko skeleton (D:7)
  A quokka skeleton (D:3)
  9 rats
650 creatures vanquished.

Vanquished Creatures (collateral kills)
  A merfolk avatar (Lair:6)
  A sea snake (Lair:6)
  A harpy (Lair:6)
  2 elephants (Lair:6)
  A rime drake (Lair:6)
  3 hornets (Lair:6)
  A hippogriff (Lair:6)
  A killer bee (D:10)
  A fungus (Lair:6)
12 creatures vanquished.

Vanquished Creatures (others)
  A centaur simulacrum (D:14)
  A bullfrog (D:8)
  3 wights (D:10)
  17 fungi
  21 plants
43 creatures vanquished.

Grand Total: 705 creatures vanquished

Notes
Turn   | Place    | Note
-------+----------+-------------------------------------------
     0 | D:1      | Zwobot the Barachi Fighter began the quest for the Orb.
     0 | D:1      | Reached XP level 1. HP: 18/18 MP: 1/1
   152 | D:1      | Reached XP level 2. HP: 24/24 MP: 2/2
   303 | D:1      | Reached skill level 3 in Long Blades
   519 | D:1      | Reached XP level 3. HP: 30/30 MP: 3/3
   554 | D:1      | Reached skill level 1 in Dodging
   866 | D:2      | Reached XP level 4. HP: 35/37 MP: 4/4
   938 | D:2      | Reached skill level 4 in Long Blades
  1250 | D:2      | Noticed Sigmund
  1263 | D:2      | Killed Sigmund
  1263 | D:2      | Reached skill level 5 in Long Blades
  1263 | D:2      | Reached XP level 5. HP: 39/42 MP: 5/5
  1263 | D:2      | Reached XP level 6. HP: 45/48 MP: 6/6
  1389 | D:2      | Reached skill level 5 in Armour
  2042 | D:3      | You fall through a shaft for 3 floors!
  2098 | D:5      | Entered Level 5 of the Dungeon
  2128 | D:5      | Reached skill level 6 in Long Blades
  2518 | D:4      | Found a bloodstained altar of Trog.
  2518 | D:4      | Noticed a phantom
  2531 | D:3      | Reached XP level 7. HP: 53/54 MP: 7/7
  3227 | D:4      | Found a shadowy altar of Dithmenos.
  3254 | D:4      | Reached skill level 7 in Long Blades
  3296 | D:4      | Became a worshipper of Dithmenos the Shadowed
  3299 | D:4      | Found Rirchoa's Food Shop.
  3543 | D:4      | Found a shimmering altar of Xom.
  3556 | D:4      | Found a shimmering altar of Xom.
  3556 | D:4      | Found a shimmering altar of Xom.
  3556 | D:4      | Noticed a troll
  3826 | D:5      | Reached skill level 5 in Shields
  3982 | D:5      | Noticed a two-headed ogre
  4240 | D:4      | Reached skill level 8 in Long Blades
  4240 | D:4      | Reached XP level 8. HP: 22/60 MP: 8/8
  4837 | D:4      | Reached * piety under Dithmenos
  5091 | D:5      | Reached skill level 9 in Long Blades
  5518 | D:6      | Found a bloodstained altar of Trog.
  5815 | D:6      | Found a sacrificial altar of Ru.
  6172 | D:7      | Noticed a hippogriff
  6192 | D:7      | Killed a hippogriff
  6192 | D:7      | Reached skill level 10 in Long Blades
  6192 | D:7      | Reached XP level 9. HP: 50/65 MP: 9/9
  7002 | D:7      | Found a staircase to the Ecumenical Temple.
  7112 | D:7      | Reached skill level 11 in Long Blades
  7368 | D:7      | Learned a level 1 spell: Apportation
  7370 | D:7      | Learned a level 1 spell: Animate Skeleton
  7393 | D:7      | Reached ** piety under Dithmenos
  7675 | D:8      | Reached skill level 1 in Throwing
  7720 | D:8      | Found a stormy altar of Qazlal.
  8055 | D:8      | Found a blossoming altar of Fedhas.
  8115 | D:8      | Found a sacrificial altar of Ru.
  8407 | D:8      | Reached skill level 1 in Evocations
  8664 | D:8      | Reached XP level 10. HP: 66/71 MP: 11/11
  8888 | D:8      | Reached skill level 12 in Long Blades
  9017 | D:9      | Noticed Erolcha
  9361 | D:9      | Noticed Grum
  9385 | D:9      | Noticed Joseph
  9394 | D:8      | Killed Grum
  9638 | D:8      | Reached *** piety under Dithmenos
  9788 | D:9      | Killed Joseph
  9788 | D:9      | Reached skill level 13 in Long Blades
 10016 | D:10     | Entered Level 10 of the Dungeon
 10016 | D:10     | Noticed a two-headed ogre
 10022 | D:10     | Killed a two-headed ogre
 10036 | D:10     | Reached skill level 5 in Evocations
 10122 | D:10     | Noticed a death yak
 10125 | D:10     | Noticed a death yak
 10500 | D:9      | Noticed a two-headed ogre
 10512 | D:9      | Killed a two-headed ogre
 10526 | D:9      | Found a shattered altar of Ashenzari.
 10766 | D:10     | Reached XP level 11. HP: 75/78 MP: 14/14
 10880 | D:10     | Reached skill level 14 in Long Blades
 10909 | D:10     | Reached skill level 5 in Fighting
 11114 | D:10     | Noticed a two-headed ogre
 11140 | D:10     | Killed a two-headed ogre
 11420 | D:10     | Noticed a death yak
 11478 | D:11     | Killed a death yak
 12080 | D:11     | Noticed an orc knight
 12082 | D:11     | Noticed an orc sorcerer
 12127 | D:11     | Killed an orc sorcerer
 12127 | D:11     | Reached skill level 5 in Throwing
 12143 | D:11     | Killed an orc knight
 12671 | D:11     | Noticed a two-headed ogre
 12681 | D:11     | Killed a two-headed ogre
 12681 | D:11     | Reached **** piety under Dithmenos
 12758 | D:11     | Noticed Harold
 12813 | D:11     | Killed Harold
 13072 | D:11     | Noticed sergedm's ghost (journeyman DECj)
 13302 | D:10     | Found a staircase to the Lair.
 13312 | Lair:1   | Entered Level 1 of the Lair of Beasts
 13601 | Lair:1   | Reached skill level 10 in Armour
 13876 | Lair:1   | Reached XP level 12. HP: 79/91 MP: 15/15
 15526 | Lair:2   | Reached skill level 10 in Shields
 16028 | Lair:2   | Found a staircase to the Snake Pit.
 16166 | Lair:2   | Found a staircase to the Shoals.
 16902 | Lair:2   | Reached skill level 5 in Dodging
 17003 | Lair:3   | Learned a level 2 spell: Blink
 17076 | Lair:3   | You fall through a shaft!
 17165 | Lair:4   | Got a polished scale mail
 17202 | Lair:4   | Identified the +7 scale mail of Miracles {Int+6} (You found it on level 4 of the Lair of Beasts)
 18267 | Lair:3   | Noticed Rupert
 18324 | Lair:5   | Noticed Urug
 18348 | Lair:4   | Killed Urug
 18348 | Lair:4   | Gained mutation: You can hop long distances. [Barachi growth]
 18348 | Lair:4   | Reached XP level 13. HP: 53/102 MP: 17/17
 18668 | Lair:5   | Found a labyrinth entrance.
 18679 | Lab      | Entered a labyrinth
 19179 | Lab      | Noticed a minotaur
 19205 | Lab      | Killed a minotaur
 19222 | Lab      | Identified the Compendium of the Oath
 19663 | Lair:5   | Reached skill level 10 in Fighting
 20719 | Lair:6   | Entered Level 6 of the Lair of Beasts
 21160 | Lair:6   | Found a staircase to the Slime Pits.
 21373 | Lair:6   | Reached ***** piety under Dithmenos
 21696 | Lair:6   | Reached skill level 1 in Necromancy
 21742 | Lair:6   | Noticed a dire elephant
 21796 | Lair:6   | Killed a dire elephant
 21796 | Lair:6   | Reached XP level 14. HP: 61/113 MP: 20/20
 22100 | Lair:6   | Identified a scroll of acquirement
 23228 | D:10     | Found a sparkling altar of Nemelex Xobeh.
 23352 | D:10     | Noticed Erica
 23366 | D:10     | Killed Erica
 23477 | D:11     | Killed sergedm's ghost
 23639 | D:11     | Found a roughly hewn altar of Beogh.
 24523 | D:12     | Reached ****** piety under Dithmenos
 24730 | D:12     | Reached skill level 10 in Dodging
 25272 | D:13     | Noticed Kirke
 25290 | D:13     | Killed Kirke
 25432 | D:14     | Found a gate to the Vaults.
 25432 | D:14     | Noticed Nessos
 25596 | D:14     | Found a flickering gateway to a bazaar.
 25610 | Bazaar   | Entered a bazaar
 25610 | Bazaar   | Found Ritiah's Antique Armour Boutique.
 25610 | Bazaar   | Found Lemeqy's Assorted Antiques.
 25615 | Bazaar   | Found Pugav's Gadget Shop.
 25623 | Bazaar   | Found Taomam's Armour Emporium.
 25659 | Bazaar   | Found Luawkio's Weapon Emporium.
 25688 | Bazaar   | Bought a pair of glowing boots for 202 gold pieces
 25705 | Bazaar   | Bought a +1 cloak of magic resistance for 280 gold pieces
 25729 | Bazaar   | Bought a scroll labeled TEUHAR DUMOUTS for 27 gold pieces
 25729 | Bazaar   | Bought a potion of might for 108 gold pieces
 25729 | Bazaar   | Bought a scroll labeled VETZUI EFOA for 27 gold pieces
 25736 | Bazaar   | Bought a wand of digging (13/24) for 408 gold pieces
 25917 | D:14     | Noticed Frances
 25952 | D:14     | Killed Frances
 26148 | D:14     | Reached XP level 15. HP: 108/124 MP: 21/21
 26288 | D:14     | Noticed Josephine
 26311 | D:14     | Killed Josephine
 26453 | D:14     | Reached skill level 15 in Long Blades
 26517 | D:14     | Killed Nessos
 27369 | D:9      | Killed Erolcha
 28079 | D:12     | Found a staircase to the Orcish Mines.
 28095 | D:12     | Upgraded the game from 0.21-a0-251-g5e8393f to 0.22-a0-252-gcace5d2
 28171 | Lair:1   | Quit the game

Vault maps used:
D:1:      minmay_arrival_cross
D:2:      minmay_diamond_boxcup, uniq_sigmund
D:3:      first_bread
D:4:      grunt_temple_overflow_open, serial_shops, shop, xom_redecorated
D:5:      corexii_shantytown
D:6:      nicolae_overflow_hidden_temple, trog_three_pillars_becter
D:7:      temple_hall
D:8:      grunt_qazlal_clouds, fedhas_altar_fruit_tree, the_bakery,
          nicolae_ru_awakened_eye
D:9:      kennysheep_mini_moat, uniq_erolcha, uniq_grum, uniq_joseph
D:10:     dpeg_lair_monsters, enter_bailey_2, nemelex_altar_shiori, uniq_erica
D:11:     special_room, uniq_harold
D:12:     david_orc_4, minmay_liquid_box
D:13:     serial_corexii_hall, corexii_hall_statues_i, corexii_hall_statues_s,
          corexii_hall_statues_s, corexii_hall_statues_deadend, uniq_kirke
D:14:     david_vaults_3, minmay_misc_feat_nine_boxes, serial_shops,
          bzr_firewalk, minmay_misc_feat_ornament, uniq_josephine, uniq_frances
Lair:1:   wad_woods_04, beast_lair_carwin_2
Lair:2:   minmay_shoals_entry_hut, minmay_snake_entry_spellcaster,
          lemuel_fruit_fields
Lair:3:   uniq_rupert, uniq_nergalle
Lair:4:   cheibrodos_lair_lostbears
Lair:5:   lab_entry_generic, minmay_holes, serial_bayou_shore_a, uniq_urug
Lair:6:   gammafunk_lair_ancient_temple, slime_dummy, fungi_pond_lemuel,
          serial_bayou_shore_b, lemuel_fruit_tree
Lab:      nicolae_lab_dead_adventurers
Bazaar:   bazaar_kb_twisted_cavern

Skill      XL: |  1  2  3  4  5  6  7  8  9 10 11 12 13 14 15 |
---------------+----------------------------------------------+-----
Long Blades    | 3 5 6 8 10 11 13 14 15 | 15.3
Dodging        | 1 2 6 8 10 11 | 11.2
Fighting       | 4 7 9 11 13 | 13.5
Armour         | 4 5 6 7 8 10 11 12 | 12.0
Shields        | 4 5 6 7 9 10 11 12 13 | 13.0
Throwing       | 2 5 |  5.3
Evocations     | 2 5 6 8 |  8.0
Necromancy     | 1 2 |  2.0

Action                   |  1- 3 |  4- 6 |  7- 9 | 10-12 | 13-15 || total
-------------------------+-------+-------+-------+-------+-------++-------
Melee: Long sword        |   114 |   214 |   722 |   968 |   915 ||  2933
       Scimitar          |       |       |       |       |   339 ||   339
 Fire: Hunting sling     |     3 |    10 |    10 |    39 |    60 ||   122
       Blowgun           |       |       |     2 |    26 |    17 ||    45
Throw: Stone             |       |     1 |     2 |     6 |       ||     9
       Javelin           |       |       |       |       |    29 ||    29
 Cast: Animate Skeleton  |       |       |       |       |    15 ||    15
 Abil: Hop               |       |       |     2 |     6 |    10 ||    18
Evoke: Wand              |       |       |       |    10 |    26 ||    36
       Lightning rod     |       |       |       |       |     8 ||     8
  Use: Potion            |       |     1 |     1 |    15 |     5 ||    22
       Scroll            |       |     6 |     6 |    14 |    12 ||    38
 Stab: Invisible         |       |       |       |     7 |       ||     7
       Distracted        |       |       |       |       |     1 ||     1
  Eat: Chunk             |     1 |     6 |    17 |    26 |    17 ||    67
       Buggy fruit       |       |       |     4 |     1 |    14 ||    19
       Buggy jelly       |       |       |     1 |     5 |     2 ||     8
       Ration            |       |       |       |       |     1 ||     1
Armor: Scale mail        |    70 |   112 |   142 |    54 |   263 ||   641
       Chain mail        |       |       |    99 |    75 |       ||   174
       Plate armour      |       |       |       |   195 |       ||   195
       Skin              |       |       |       |     4 |       ||     4
Dodge: Dodged            |    36 |    76 |   198 |   252 |   556 ||  1118
Block: Shield            |    75 |   109 |   309 |   464 |   639 ||  1596
       Rpst.: Long sword |     9 |    18 |    48 |    81 |    86 ||   242
       Scimitar          |       |       |       |       |    39 ||    39

Table legend:
 A = Spawn XP
 B = Non-spawn XP
 C = Spawn XP percentage of total XP
 D = Spawn monster count
 E = Non-spawn monster count
 F = Spawn count percentage of total count
 G = Total turns spent on level
                    A         B        C        D         E        F      G
               +---------+---------+-------+---------+---------+-------+---------
         Total |   16611 |   83989 |  16.5 |     128 |     533 |  19.4 | 28171
               +---------+---------+-------+---------+---------+-------+---------
           D:1 |      16 |      35 |  31.4 |       3 |      21 |  12.5 |   664
           D:2 |       2 |     360 |   0.6 |       2 |      38 |   5.0 |  1199
           D:3 |      11 |      97 |  10.2 |       5 |      26 |  16.1 |  1141
           D:4 |      73 |     481 |  13.2 |       4 |      15 |  21.1 |  1238
           D:5 |       1 |     681 |   0.1 |       1 |      27 |   3.6 |   842
           D:6 |      11 |     526 |   2.0 |       1 |      11 |   8.3 |  1052
           D:7 |     363 |    1013 |  26.4 |       7 |      28 |  20.0 |  1528
           D:8 |     478 |    2250 |  17.5 |      11 |      35 |  23.9 |  2512
           D:9 |    1416 |    2854 |  33.2 |       9 |      15 |  37.5 |  1155
          D:10 |    1633 |    7800 |  17.3 |      15 |      39 |  27.8 |  1790
          D:11 |    1571 |    6453 |  19.6 |      11 |      45 |  19.6 |  2253
          D:12 |    3309 |    5392 |  38.0 |      23 |      35 |  39.7 |   977
          D:13 |     377 |    7509 |   4.8 |       6 |      26 |  18.8 |   738
          D:14 |    1136 |   13071 |   8.0 |       4 |      47 |   7.8 |  1493
        Lair:1 |     803 |    2139 |  27.3 |       4 |      13 |  23.5 |  1216
        Lair:2 |    1108 |    6888 |  13.9 |       6 |      25 |  19.4 |  2472
        Lair:3 |       0 |     375 |   0.0 |       0 |       2 |   0.0 |   280
        Lair:4 |     283 |    4644 |   5.7 |       2 |      18 |  10.0 |  1448
        Lair:5 |    2803 |    7568 |  27.0 |       7 |      31 |  18.4 |  1834
        Lair:6 |    1217 |   12815 |   8.7 |       7 |      35 |  16.7 |  1419
           Lab |       0 |    1038 |   0.0 |       0 |       1 |   0.0 |   749
               +---------+---------+-------+---------+---------+-------+---------
